 Dungeon Crawl Stone Soup version 0.28-a0-1206-g193881aaa2 (webtiles) character file.

Game seed: 12260369640576909591

564 leviel the Chopper (level 7, 0/61 HPs)
             Began as a Hill Orc Fighter on Dec 20, 2021.
             Slain by a gnoll (3 damage)
             ... on level 4 of the Dungeon.
             The game lasted 00:04:21 (3447 turns).

leviel the Chopper (Hill Orc Fighter)               Turns: 3447, Time: 00:04:21

Health: 0/61       AC: 10    Str: 27    XL:     7   Next: 32%
Magic:  7/7        EV: 10    Int:  8    God:
Gold:   105        SH:  5    Dex: 10    Spells: 6/6 levels left

rFire   . . .      SeeInvis .   a - +1 war axe
rCold   . . .      Faith    .   c - +0 buckler
rNeg    . . .      Spirit   .   b - +0 scale mail
rPois   +          Reflect  .   (no helmet)
rElec   .          Harm     .   g - +2 cloak
rCorr   .          Rampage  .   (no gloves)
Will    .....                   (no boots)
Stlth   ..........              (no amulet)
HPRegen 0.20/turn               l - ring of poison resistance
MPRegen 0.10/turn               d - +6 ring of strength

@: no status effects
A: no striking features
a: Convert to Beogh


You were on level 4 of the Dungeon.
You visited 1 branch of the dungeon, and saw 4 of its levels.

You collected 105 gold pieces.

Inventory:

Hand Weapons
 a - a +1 war axe (weapon)
Armour
 b - a +0 scale mail (worn)
 c - a +0 buckler (worn)
 g - a +2 cloak (worn)
Jewellery
 d - a +6 ring of strength (right hand)
 l - a ring of poison resistance (left hand)
Scrolls
 n - a scroll of blinking
Potions
 i - a potion of curing


   Skills:
 + Level 5.4 Fighting
 * Level 6.7 Axes
 + Level 4.9 Armour
 + Level 5.0 Shields


You had 6 spell levels left.
You didn't know any spells.
Your spell library contained the following spells:

 Spells                   Type           Power      Damage    Failure   Level
 Petrify                  Tmut/Erth      0%         N/A       100%        4
 Metabolic Englaciation   Hex/Ice        0%         N/A       100%        5
 Statue Form              Tmut/Erth      0%         N/A       100%        6


Dungeon Overview and Level Annotations

Branches:
Dungeon (4/15)
 Temple: D:4-7

Altars:
Ashenzari
Fedhas
Kikubaaqudgha
Nemelex Xobeh
Sif Muna

Shops:
D:2 [


Message History

Beogh smites you!
* * * LOW HITPOINT WARNING * * *
You feel better. The gnoll barely misses you.
You slash the gnoll!
You kill the gnoll!
The orc priest invokes the aid of Beogh against you.
You struggle to resist.
Your Shields skill increases to level 5!
You block the gnoll's attack.
The orc priest calls down the wrath of Beogh upon you.
You struggle to resist.
The gnoll barely misses you.
You see here a +0 whip.
You hit the orc priest.
The orc priest is almost dead.
The gnoll barely misses you.
The orc priest hits you but does no damage.
The orc priest shouts, "Surrender to Beogh and we'll let you live!"
You hit the orc priest but do no damage.
The orc priest is almost dead.
The gnoll barely misses you.
The orc priest shouts, "Beogh is our master!
Accept the truth or die!"
The orc priest closely misses you. You block the gnoll's attack.
You barely miss the orc priest.
The orc priest is almost dead.
The gnoll barely misses you.
The orc priest invokes the aid of Beogh against you.
Pain shoots through your body!
* * * LOW HITPOINT WARNING * * *
The gnoll barely misses you.
The orc priest shouts, "Join the one true god or die!"
You hit the orc priest but do no damage.
The orc priest is almost dead.
The gnoll hits you but does no damage.
The orc priest shouts, "Beogh is our master!
Accept the truth or die!"
The orc priest hits you but does no damage.
The orc priest calls down the wrath of Beogh upon you.
Pain shoots through your body!
* * * LOW HITPOINT WARNING * * *
The gnoll hits you from afar with a +0 spear.
You die...

..##gog##..............
...'..>g...#.##†.......)
...##.#.#g.#.##.........
## #.#.#..(............
#.#.#.g####.........
#...#..####........#
###.#.gK..#........#
#.########g###.#........#
#.......@og# #........#
#..######### #........#
##########


You could see a gnoll shaman, an orc priest, 2 gnolls and a kobold.

Vanquished Creatures
  Pargi (D:2)
  A necrophage (D:4)
  An ogre (D:4)
  An orc priest (D:3)
  Crazy Yiuf (D:3)
  A gnoll shaman (D:4)
  2 iguanas (D:4)
  Robin (D:3)
  An adder (D:3)
  4 gnolls (D:4)
  2 worms (D:2)
  3 dart slugs
  4 orcs (D:3)
  6 endoplasms
  4 giant cockroaches
  15 goblins
  11 hobgoblins
  3 jackals (D:2)
  7 kobolds
  4 quokkas
  7 ball pythons
  8 bats
  6 frilled lizards
  3 rats
97 creatures vanquished.

Vanquished Creatures (others)
  2 plants (D:3)
2 creatures vanquished.

Grand Total: 99 creatures vanquished

Notes
Turn   | Place    | Note
-------+----------+-------------------------------------------
     0 | D:1      | leviel the Hill Orc Fighter began the quest for the Orb.
     0 | D:1      | Reached XP level 1. HP: 19/19 MP: 1/1
   257 | D:1      | Found a faded altar of an unknown god.
   262 | D:1      | Reached skill level 3 in Axes
   262 | D:1      | Reached XP level 2. HP: 27/27 MP: 2/2
   664 | D:1      | Reached XP level 3. HP: 33/33 MP: 3/3
  1139 | D:2      | Found Loerch's Armour Emporium.
  1413 | D:2      | Reached XP level 4. HP: 40/40 MP: 4/4
  1414 | D:2      | Reached skill level 4 in Axes
  1951 | D:3      | Found a blossoming altar of Fedhas.
  2010 | D:3      | Found an ancient bone altar of Kikubaaqudgha.
  2011 | D:3      | Noticed Pargi
  2227 | D:2      | Killed Pargi
  2228 | D:2      | Reached skill level 5 in Axes
  2228 | D:2      | Reached XP level 5. HP: 32/47 MP: 5/5
  2413 | D:3      | Found a shimmering blue altar of Sif Muna.
  2419 | D:3      | Found a sparkling altar of Nemelex Xobeh.
  2512 | D:3      | Noticed Robin
  2517 | D:3      | Reached XP level 6. HP: 54/55 MP: 6/6
  2525 | D:3      | Killed Robin
  2632 | D:3      | Found a broken altar of Ashenzari.
  2718 | D:3      | Found a runed translucent door.
  2719 | D:3      | Noticed Crazy Yiuf
  2838 | D:3      | Paralysed by Crazy Yiuf for 4 turns
  2849 | D:3      | Killed Crazy Yiuf
  3144 | D:4      | Reached skill level 5 in Fighting
  3314 | D:4      | Noticed a necrophage
  3316 | D:4      | Killed a necrophage
  3317 | D:4      | Reached skill level 6 in Axes
  3343 | D:4      | Reached XP level 7. HP: 55/61 MP: 7/7
  3443 | D:4      | Reached skill level 5 in Shields
  3447 | D:4      | HP: 3/61 [orc priest/nerve-wracking pain (2)]
  3447 | D:4      | Slain by a gnoll

Illustrated notes

Levels and vault maps discovered:
D:1:      grunt_arrival_crossed_arrows, layout_loops_ring,
          nicolae_ecumenical_snake_handling
D:2:      layout_loops_ring, serial_shops, nicolae_shop_statue_plus,
          minmay_hexomino_f4
D:3:      layout_basic, mainiacjoe_overflow_catwalk,
          mainiacjoe_overflow_boulevard, minitemple, kiku_gazebo_pond_becter,
          uniq_pargi, uniq_crazy_yiuf_cottage, uniq_robin
D:4:      layout_basic, gammafunk_ghost_mausoleum, uniq_ijyb

Skill      XL: |  1  2  3  4  5  6  7 |
---------------+----------------------+-----
Axes           | 3 5 6 |  6.7
Fighting       | 4 5 |  5.4
Armour         | 4 |  4.9
Shields        | 4 5 |  5.0

Action                   |  1- 3 |  4- 6 |  7- 9 || total
-------------------------+-------+-------+-------++-------
Melee: War axe           |   126 |   113 |    26 ||   265
  Use: Scroll            |       |     7 |       ||     7
       Potion            |       |     4 |     1 ||     5
Armor: Scale mail        |    70 |    64 |    15 ||   149
Dodge: Dodged            |    69 |    71 |    18 ||   158
Block: Buckler           |    37 |    33 |    11 ||    81

Table legend: (Time is in decaauts)
 A = Elapsed time spent in this place.
 B = Non-inter-level travel time spent in this place.
 C = Inter-level travel time spent in this place.
 D = Time resting spent in this place.
 E = Time spent auto-exploring this place.
 F = Levels seen in this place.
 G = Mean time per level.
                   A        B        C        D        E       F      G
               +--------+--------+--------+--------+--------+-----+--------+
         Total |   3501 |   3419 |     82 |    686 |   2023 |   4 |  875.2 |
       Dungeon |   3501 |   3419 |     82 |    686 |   2023 |   4 |  875.2 |
               +--------+--------+--------+--------+--------+-----+--------+

Top non-repeatable levels by time:
     D:3: 1164 daAuts
     D:1: 1039 daAuts
     D:2: 978 daAuts
     D:4: 319 daAuts
